 Dungeon Crawl Stone Soup version 0.25-a0-1024-gbfbf38f2cb (webtiles) character file.

Game seed: 917865796754135505, levelgen mode: deterministic

194 Flugslaktarn the Skirmisher (level 5, -1/42 HPs)
             Began as a Mummy Fighter on May 12, 2020.
             Slain by an iguana (11 damage)
             ... on level 4 of the Dungeon.
             The game lasted 00:01:04 (2659 turns).

Flugslaktarn the Skirmisher (Mummy Fighter)         Turns: 2659, Time: 00:01:04

Health: -1/42      AC:  9    Str: 20    XL:     5   Next: 44%
Magic:  5/5        EV:  7    Int:  7    God:
Gold:   209        SH:  9    Dex: 12    Spells: 4/4 levels left

rFire    x . .     SeeInvis .   a - +0 war axe
rCold    + . .     Gourm    .   c - +0 kite shield
rNeg     + + +     Faith    .   b - +0 scale mail
rPois    ∞         Spirit   .   l - +2 helmet
rElec    .         Reflect  .   (no cloak)
rCorr    .         Harm     .   (no gloves)
MR       .....                  (no boots)
Stlth    ..........             (no amulet)
HPRegen  0.14/turn              (no ring)
MPRegen  0.09/turn              (no ring)

@: no status effects
A: no food or potions, fire vulnerability, cold resistance 1, negative energy
resistance 3, torment resistance, unbreathing
a: no special abilities


You were on level 4 of the Dungeon.
You were not hungry.

You visited 1 branch of the dungeon, and saw 4 of its levels.

You collected 209 gold pieces.

Inventory:

Hand Weapons
 a - a +0 war axe (weapon)
 g - a +0 dagger of distortion
   (You took it off a goblin on level 1 of the Dungeon)
Missiles
 j - 2 throwing nets (quivered)
Armour
 b - a +0 scale mail (worn)
 c - a +0 kite shield (worn)
 l - a +2 helmet (worn)
   (You took it off Robin on level 3 of the Dungeon)
Jewellery
 f - an uncursed ring of magical power {unknown}
   (You found it on level 1 of the Dungeon)
 k - an uncursed ring of resist corrosion {unknown}
   (You found it on level 3 of the Dungeon)
Scrolls
 d - 2 scrolls of remove curse {unknown}
 e - 7 scrolls of identify {unknown}
 h - a scroll of enchant weapon {unknown}
 i - a scroll of amnesia {unknown}


   Skills:
 + Level 3.8 Fighting
 * Level 3.2 Axes
 + Level 3.1 Armour
 + Level 3.1 Shields


You had 4 spell levels left.
You didn't know any spells.
Your spell library was empty.

Dungeon Overview and Level Annotations

Branches:
Dungeon (4/15)
 Temple: D:4-7

Altars:
Ashenzari
Sif Muna
Wu Jian


Innate Abilities, Weirdness & Mutations

You do not eat or drink.
Your flesh is vulnerable to fire.
You are immune to poison.
Your flesh is cold resistant. (rC+)
You are immune to negative energy. (rN+++)
You are immune to unholy pain and torment.
You can survive without breathing.


Message History

The ogre shouts!
The orc wizard shouts!
The orc shouts!
The orc wizard moves out of view.
Found 6 gold pieces.
You hit the orc.
The orc is moderately wounded.
A worker ant comes into view.
The orc hits you but does no damage.
The worker ant moves out of view.
You slash the orc!
You kill the orc!
You barely miss the iguana. You hit the worker ant. The worker ant bites you.
The orc priest looks satisfied for a moment.
You block the iguana's attack. The worker ant bites you.
The orc priest invokes the aid of Beogh against you.
Beogh smites you!
The orc priest calls down the wrath of Beogh upon you.
Beogh smites you!
* * * LOW HITPOINT WARNING * * *
There is a stone staircase leading up here.
The iguana bites you!
You die...

### #@# #l# #o#
#a# # #O#
$...###.#
#.#....o#
....###oooo....
.. ..#.#.#..


You could see an ogre, an iguana, a worker ant, an orc priest, an orc wizard and
2 orcs.

Vanquished Creatures
  An orc wizard (D:3)
  An orc priest (D:3)
  Robin (D:3)
  4 adders
  An ooze (D:1)
  2 worms
  A dart slug (D:1)
  2 leopard geckos (D:2)
  6 orcs
  A giant cockroach (D:2)
  14 goblins
  9 hobgoblins
  2 jackals (D:1)
  2 quokkas
  5 bats
  A frilled lizard (D:1)
  8 kobolds
  7 rats
68 creatures vanquished.

Notes
Turn   | Place    | Note
-------+----------+-------------------------------------------
     0 | D:1      | Flugslaktarn the Mummy Fighter began the quest for the Orb.
     0 | D:1      | Reached XP level 1. HP: 18/18 MP: 1/1
    89 | D:1      | Reached XP level 2. HP: 22/24 MP: 2/2
   527 | D:1      | Reached XP level 3. HP: 29/29 MP: 3/3
   645 | D:2      | Found an ornate altar of the Wu Jian Council.
  1015 | D:2      | Reached XP level 4. HP: 28/35 MP: 4/4
  1552 | D:2      | Found a shimmering blue altar of Sif Muna.
  1961 | D:3      | Noticed Robin
  1975 | D:3      | Killed Robin
  2258 | D:3      | Reached XP level 5. HP: 39/42 MP: 5/5
  2351 | D:3      | Found a shattered altar of Ashenzari.
  2649 | D:4      | Noticed an ogre
  2659 | D:4      | Slain by an iguana

Illustrated notes

Levels and vault maps discovered:
D:1:      minmay_arrival_cross, layout_rooms
D:2:      layout_basic, overflow_temple_1_default, lemuel_blue_sif_altar
D:3:      layout_loops_ring, ashenzari_altar_1, first_ration, uniq_robin
D:4:      layout_basic, makhleb_heckhound_becter,
          gammafunk_temple_overflow_pools, serial_shops, shop, serial_glass,
          glass_columns_b, glass_columns_c, glass_columns_a, glass_columns_a,
          glass_columns_a, glass_columns_a

Skill      XL: |  1  2  3  4 |
---------------+-------------+-----
Axes           | 2 3 |  3.2
Armour         | 3 |  3.1
Shields        | 3 |  3.1
Fighting       | |  3.8

Action                   |  1- 3 |  4- 6 || total
-------------------------+-------+-------++-------
Melee: War axe           |    95 |    90 ||   185
Armor: Scale mail        |    43 |    34 ||    77
Dodge: Dodged            |    26 |    34 ||    60
Block: Kite shield       |    53 |    45 ||    98

Table legend:
 A = Non-vault XP
 B = Vault XP
 C = Vault XP percentage of total XP
 D = Non-vault monster count
 E = Vault monster count
 F = Vault count percentage of total count
                 A         B        C        D         E       F
            +---------+---------+-------+---------+---------+-------
      Total |     242 |      36 |  12.9 |      56 |      12 |  17.6
            +---------+---------+-------+---------+---------+-------
        D:1 |      43 |       0 |   0.0 |      23 |       0 |   0.0
        D:2 |      72 |       0 |   0.0 |      19 |       0 |   0.0
        D:3 |     110 |      36 |  24.7 |      12 |      12 |  50.0
        D:4 |      17 |       0 |   0.0 |       2 |       0 |   0.0
            +---------+---------+-------+---------+---------+-------
